 Dungeon Crawl Stone Soup version 0.31-a0-1529-g7bd419a0e5 (webtiles) character file.

Game seed: 10046149537431726922

329 mopl the Ruffian (level 6, 0/45 HPs)
             Began as a Djinni Shapeshifter on Dec 31, 2023.
             Was a Follower of Uskayaw.
             Slain by a sixfirhy (11 damage)
             ... on level 1 of the Abyss.
             The game lasted 00:03:42 (2854 turns).

mopl the Ruffian (Djinni Shapeshifter)              Turns: 2854, Time: 00:03:43

Health: 0/45       AC:  6    Str: 15    XL:     6   Next: 80%
Gold:   173        EV: 10    Int: 11    God:    Uskayaw [*.....] SH:  0 Dex: 13

rFire   + +          .
                       - Unarmed
rCold   . . .        (no shield)
rNeg    . . .        u - +0 scale mail
rPois   ∞            (helmet currently unavailable)
rElec   .            (cloak currently unavailable)
rCorr   +            (gloves currently unavailable)
SInv    .            (boots unavailable)
Will    .....        (no amulet) Stlth
                     m - ring of resist corrosion
HPRegen 0.27/turn    l - ring of protection from cold
MPRegen 0.00/turn

%: infuse magic (-1 HP)
@: beast-form, flying
A: beast (slay +2), flying, sickness immunity, fire resistance 2, cold
vulnerability 1, float, innate caster, HP casting, extra vitality 1
a: Begin Untransformation, Renounce Religion, Stomp


You were on level 1 of the Abyss.
You worshipped Uskayaw.
Uskayaw was noncommittal.
You were a hulking beast.
You visited 2 branches of the dungeon, and saw 5 of its levels.
You visited the Abyss 1 time.

You collected 173 gold pieces.

Inventory:

Missiles
 p - 8 poisoned darts
Armour
 f - a +0 cloak
 u - a +0 scale mail (worn)
Jewellery
 g - a ring of see invisible
 l - a ring of protection from cold (right hand)
 m - a ring of resist corrosion (left hand)
 w - a ring of protection from fire
Talismans
 c - a beast talisman
 d - a flux talisman
Wands
 q - a wand of flame (15)
Scrolls
 h - 2 scrolls of identify {unknown}
 i - 4 scrolls of revelation
 k - a scroll of blinking {unknown}
 n - a scroll of poison {unknown}
 r - a scroll of noise {unknown}
 t - a scroll of enchant weapon {unknown}
 v - a scroll of immolation {unknown}
Potions
 a - a potion of attraction {unknown}
 b - a potion of lignification {!q}
 e - 2 potions of curing {unknown}
 j - a potion of brilliance {unknown}
 o - a potion of resistance {unknown}
 s - a potion of magic {unknown}


   Skills:
 + Level 2.7 Fighting
 + Level 2.5 Dodging
 * Level 4.9 Unarmed Combat
 + Level 0.8 Invocations
 * Level 4.2 Shapeshifting


You knew the following spells:

 Your Spells              Type           Power      Damage    Failure   Level
a - Freeze                Ice            0%         1d3       83%         1
b - Static Discharge      Conj/Air       0%         3-3/arc   92%         2
Your spell library was empty.

Dungeon Overview and Level Annotations

Branches:
Dungeon (4/15)             Temple (1/1) D:4

Altars:
Ashenzari
Elyvilon
Fedhas
Gozag
Makhleb
Nemelex Xobeh
Okawaru
Ru
Trog
Uskayaw
Wu Jian
Xom
Zin

Annotations:
D:4 Robin


Innate Abilities, Weirdness & Mutations

You are a hulking beast.
Your limbs bulge with bestial killing power. (Slay +2)
You are flying.
You are immune to sickness and miasma.
You are immune to poison.
Your flesh is very heat resistant. (rF++)
You are vulnerable to cold. (rC-)
You float through the air rather than walking.
You learn spells naturally, not from books.
Your magical power is your life essence.
You have superior vitality. (+4 MHP)


Message History

You hit the white imp. You punch the white imp!
You kill the white imp!
You start resting.
HP restored.
w - a ring of protection from fire
There is an escape hatch in the ceiling here.
There is an open door here.
You see here a quokka skeleton.
There is an open door here.
Found a stone staircase leading down.
A goblin comes into view.
It is wielding a +0 dagger of distortion.
The goblin shouts!
You hear a shout! x2
A goblin comes into view. It is wielding a +0 dagger. x2
Okay, then.
A goblin comes into view. It is wielding a +0 club. x2
Robin, a hobgoblin and 2 goblins come into view.
Robin shouts!
The goblin shouts!
The hobgoblin shouts!
The goblin shouts! x2
A goblin comes into view. It is wielding a +0 dagger of flaming.
The goblin completely misses you.
You closely miss the goblin. Your punch misses the goblin. You hit the goblin.
The goblin is moderately wounded.
The goblin closely misses you.
The goblin hits you with a +0 dagger of distortion.
You are cast into the Abyss!
This branch contains the abyssal rune of Zot.
There is an empty arch of ancient stone here.
Found a gateway leading deeper into the Abyss.
Found a gateway leading deeper into the Abyss.
Found a gateway leading deeper into the Abyss.
A large abomination comes into view.
A sixfirhy comes into view.
The sixfirhy hits you but does no damage.
The sixfirhy hits you. The sixfirhy shocks you! The sixfirhy hits you.
The sixfirhy shocks you!
* * * LOW HITPOINT WARNING * * *
The sixfirhy hits you.
* * * LOW HITPOINT WARNING * * *
The sixfirhy shocks you!
You die...

~≈.##. ~~~X..
~~~#.. ~~ .# ##
## #####~≈~~.#
#..#.##...#.~~~#
#......#.#
###3.###.#
#...#h# .##
...#. #..# # #
..## #.#. #. #
#. ##


You could see a sixfirhy.

Vanquished Creatures
  2 quasits (D:4)
  2 iguanas (D:4)
  4 gnolls
  8 adders
  2 shadow imps (D:4)
  A white imp (D:4)
  4 dart slugs
  A ribbon worm (D:2)
  An orc (D:3)
  6 bats
  5 endoplasms
  4 giant cockroaches
  7 goblins
  5 hobgoblins
  7 quokkas
  4 ball pythons
  5 frilled lizards
  4 kobolds
  5 rats
77 creatures vanquished.

Notes
Turn   | Place    | Note
-------+----------+-------------------------------------------
     0 | D:1      | mopl the Djinni Shapeshifter began the quest for the Orb.
     0 | D:1      | Reached XP level 1. HP: 17/17 MP: 0/0
   131 | D:1      | Reached XP level 2. HP: 11/22 MP: 0/0
   417 | D:1      | Reached skill level 3 in Shapeshifting
   676 | D:1      | Reached XP level 3. HP: 27/27 MP: 0/0
   676 | D:1      | Learned a level 1 spell: Freeze
  1113 | D:2      | Reached XP level 4. HP: 33/33 MP: 0/0
  1275 | D:2      | Reached skill level 2 in Fighting
  1275 | D:2      | Reached skill level 4 in Unarmed Combat
  1278 | D:2      | Reached XP level 5. HP: 24/38 MP: 0/0
  1278 | D:2      | Learned a level 2 spell: Static Discharge
  2301 | D:4      | Reached XP level 6. HP: 18/45 MP: 0/0
  2448 | D:4      | Found a staircase to the Ecumenical Temple.
  2460 | Temple   | Entered the Ecumenical Temple
  2465 | Temple   | Became a worshipper of Uskayaw the Reveller
  2509 | D:4      | Reached * piety under Uskayaw
  2513 | D:4      | Reached skill level 4 in Shapeshifting
  2514 | D:4      | Reached ** piety under Uskayaw
  2562 | D:4      | Reached *** piety under Uskayaw
  2793 | D:4      | Noticed Robin
  2796 | Abyss:1  | Cast into level 1 of the Abyss (goblin)
  2849 | Abyss:1  | Noticed a large abomination
  2850 | Abyss:1  | Noticed a sixfirhy
  2854 | Abyss:1  | Slain by a sixfirhy

Illustrated notes

Levels and vault maps discovered:
D:1:      dpeg_arrival_signposts, layout_loops_ring
D:2:      layout_rooms
D:3:      layout_rooms, minmay_misc_feat_five
D:4:      layout_rooms, minmay_temple_entry_glassed_door, serial_demonic,
          serial_demonic_a, serial_demonic_b, serial_demonic_f,
          serial_demonic_g, serial_bayou_ford_a, minmay_misc_feat_four_crosses,
          uniq_robin
Temple:   minmay_freezing_vapour_temple
Abyss:1:  base:
D:4

Skill      XL: |  1  2  3  4  5  6 |
---------------+-------------------+-----
Shapeshifting  | 3 4 |  4.2
Fighting       | 2 |  2.7
Unarmed Combat | 4 |  4.9
Dodging        | |  2.5
Invocations    | |  0.8

Action                     |  1- 3 |  4- 6 || total
---------------------------+-------+-------++-------
  Melee: Unarmed           |    66 |   180 ||   246
         Punch             |     1 |     5 ||     6
    Use: Scroll            |       |     1 ||     1
   Stab: Sleeping          |     2 |     2 ||     4
         Paralysed         |       |     2 ||     2
 Armour: Animal skin       |    18 |    61 ||    79
         Scale mail        |       |    51 ||    51
  Dodge: Dodged            |    52 |   106 ||   158

Table legend: (Time is in decaauts)
 A = Elapsed time spent in this place.
 B = Non-inter-level travel time spent in this place.
 C = Inter-level travel time spent in this place.
 D = Time resting spent in this place.
 E = Time spent auto-exploring this place.
 F = Levels seen in this place.
 G = Mean time per level.
                   A        B        C        D        E       F      G
               +--------+--------+--------+--------+--------+-----+--------+
         Total |   2838 |   2724 |    114 |    570 |   1527 |   6 |  473.0 |
       Dungeon |   2769 |   2655 |    114 |    570 |   1482 |   4 |  692.2 |
        Temple |     10 |     10 |      0 |      0 |      0 |   1 |   10.0 |
         Abyss |     57 |     57 |      0 |      0 |     45 |   1 |   57.0 |
               +--------+--------+--------+--------+--------+-----+--------+

Top non-repeatable levels by time:
     D:1: 1066 daAuts
     D:2: 626 daAuts
     D:3: 590 daAuts
     D:4: 485 daAuts
 Abyss:1: 57 daAuts
  Temple: 10 daAuts
